 Dungeon Crawl Stone Soup version 0.22-a0-480-g991dd4b (webtiles) character file.

295 Darkshadow the Chopper (level 6, 0/56 HPs)
             Began as a Hill Orc Monk on June 14, 2018.
             Slain by a scorpion zombie (6 damage)
             ... in an ossuary.
             The game lasted 00:17:45 (4497 turns).

Darkshadow the Chopper (Hill Orc Monk)              Turns: 4497, Time: 00:17:45

Health: 0/56       AC:  5    Str: 16    XL:     6   Next: 34%
Magic:  6/6        EV: 13    Int: 10    God:
Gold:   162        SH:  0    Dex: 13    Spells: 5/5 levels left

rFire    + . .     SeeInvis .   a - +0 hand axe
rCold    + . .     Gourm    .   (no shield)
rNeg     . . .     Faith    .   n - +0 robe
rPois    +         Spirit   .   d - +2 helmet
rElec    +         Reflect  .   (no cloak)
rCorr    +         Harm     .   (no gloves)
MR       .....                  (no boots)
Stlth    ++........             (no amulet)
HPRegen  0.18/turn              (no ring)
MPRegen  0.10/turn              (no ring)

@: resistant
A: no striking features
a: no special abilities


You were in an ossuary.
You were very hungry.

You visited 1 branch of the dungeon, and saw 4 of its levels.
You also visited: Ossuary.

You collected 162 gold pieces.

Inventory:

Hand Weapons
 a - a +0 hand axe (weapon)
 b - a +0 hunting sling
Missiles
 f - 134 stones
 s - 5 javelins (quivered)
 t - 22 sling bullets
Armour
 d - a +2 helmet (worn)
 l - a +1 animal skin
 m - a +0 helmet
 n - a +0 robe (worn)
 o - a +1 plate armour
Jewellery
 e - a +6 ring of dexterity {unknown}
 j - an uncursed ring of protection from cold {unknown}
 r - an uncursed ring of protection from magic {unknown}
Wands
 p - a wand of iceblast (9)
Scrolls
 h - 2 scrolls of enchant armour
 w - a scroll of remove curse {@r2}
Potions
 g - a potion of magic {unknown}
 i - a potion of lignification {unknown}
 q - a potion of berserk rage {unknown}
 v - a potion of resistance
 x - a potion of haste {unknown}
Comestibles
 c - 3 rations


   Skills:
 + Level 5.5 Fighting
 * Level 7.8 Axes
 - Level 2.4 Dodging
 - Level 1.6 Stealth


You had 5 spell levels left.
You didn't know any spells.
Your spell library was empty.

Dungeon Overview and Level Annotations

Branches:
Dungeon (4/15)
 Temple: D:4-7

Altars:
Dithmenos


Message History

The scorpion stings you.
* * * LOW HITPOINT WARNING * * *
You hit the scorpion.
The scorpion is almost dead.
The scorpion stings you.
* * * LOW HITPOINT WARNING * * *
You hit the scorpion.
You kill the scorpion!
You hit the scorpion zombie.
The scorpion zombie is lightly damaged.
You barely miss the scorpion zombie.
The scorpion zombie is lightly damaged.
The scorpion zombie closely misses you.
You hit the scorpion zombie but do no damage.
The scorpion zombie is lightly damaged.
The scorpion zombie hits you but does no damage.
You hit the scorpion zombie.
The scorpion zombie is moderately damaged.
The scorpion zombie hits you.
You die...

...#...# ...8...#
.......#
##############8...8##
#...#...#...#.......#
#.∩.†...8...#...8...#
#...#.......#...#
##'###8...8###Z######
#...#.......#@^.#M=!#
#.∩.#...8...'...#...+
#...#...#...#...#!..#
#####################


You could see a mummy and a scorpion zombie.

Vanquished Creatures
  2 scorpions (Ossuary)
  A centaur zombie (Ossuary)
  Robin (D:1)
  A gnoll (D:1)
  5 adders
  A worm (D:2)
  3 dart slugs
  A leopard gecko (D:2)
  7 orcs (D:3)
  4 giant cockroaches
  13 goblins
  10 hobgoblins
  4 jackals (D:1)
  9 kobolds
  A quokka (D:2)
  11 bats
  2 frilled lizards
  A goblin zombie (Ossuary)
  2 hobgoblin zombies (Ossuary)
  A quokka zombie (D:4)
  8 rats
  A rat zombie (D:4)
89 creatures vanquished.

Notes
Turn   | Place    | Note
-------+----------+-------------------------------------------
     0 | D:1      | Darkshadow the Hill Orc Monk began the quest for the Orb.
     0 | D:1      | Reached XP level 1. HP: 19/19 MP: 1/1
   107 | D:1      | Reached XP level 2. HP: 18/27 MP: 2/2
   828 | D:1      | Reached skill level 5 in Axes
   834 | D:1      | Reached XP level 3. HP: 28/33 MP: 3/3
   925 | D:1      | You fall through a shaft!
  1640 | D:2      | Reached XP level 4. HP: 23/41 MP: 4/4
  2246 | D:2      | Noticed Robin
  2292 | D:1      | Killed Robin
  2292 | D:1      | Reached skill level 6 in Axes
  3107 | D:1      | Reached XP level 5. HP: 37/47 MP: 5/5
  3290 | D:3      | Found a shadowy altar of Dithmenos.
  3548 | D:3      | Reached skill level 5 in Fighting
  4157 | D:4      | Found a sand-covered staircase.
  4241 | Ossuary  | Entered an ossuary
  4275 | Ossuary  | Reached skill level 7 in Axes
  4481 | Ossuary  | Reached XP level 6. HP: 24/56 MP: 6/6
  4497 | Ossuary  | Slain by a scorpion zombie

Vault maps used:
D:1:      dpeg_arrival_pits
D:2:      first_ration, uniq_robin
D:3:      nicolae_dithmenos_shadow_blocks
D:4:      led_sif_pool, serial_shops, shop, shop, enter_ossuary_4,
          kennysheep_small_circle
Ossuary:  ossuary_minmay_scorpions

Skill      XL: |  1  2  3  4  5 |
---------------+----------------+-----
Fighting       | 4 5 |  5.5
Axes           | 5 6 7 |  7.8
Dodging        | |  2.4
Stealth        | |  1.6

Action                   |  1- 3 |  4- 6 || total
-------------------------+-------+-------++-------
Melee: Hand axe          |   121 |   173 ||   294
 Fire: Hunting sling     |       |    54 ||    54
Throw: Stone             |    30 |    14 ||    44
       Javelin           |       |     4 ||     4
  Use: Scroll            |       |     5 ||     5
       Potion            |       |     1 ||     1
 Stab: Sleeping          |     5 |       ||     5
  Eat: Chunk             |     1 |     6 ||     7
       Ration            |       |     1 ||     1
Armor: Robe              |    54 |    39 ||    93
Dodge: Dodged            |   103 |   132 ||   235

Table legend:
 A = Spawn XP
 B = Non-spawn XP
 C = Spawn XP percentage of total XP
 D = Spawn monster count
 E = Non-spawn monster count
 F = Spawn count percentage of total count
 G = Total turns spent on level
                    A         B        C        D         E        F      G
               +---------+---------+-------+---------+---------+-------+---------
         Total |       0 |     422 |   0.0 |       0 |      89 |   0.0 |  4497
               +---------+---------+-------+---------+---------+-------+---------
           D:1 |       0 |      95 |   0.0 |       0 |      34 |   0.0 |  1602
           D:2 |       0 |      76 |   0.0 |       0 |      26 |   0.0 |  1544
           D:3 |       0 |      67 |   0.0 |       0 |      21 |   0.0 |   958
           D:4 |       0 |       2 |   0.0 |       0 |       2 |   0.0 |   137
       Ossuary |       0 |     182 |   0.0 |       0 |       6 |   0.0 |   256
               +---------+---------+-------+---------+---------+-------+---------
